Map: Catalyst LE

Players

ShoWTimE

  • Race: Protoss Protoss
  • League: Grandmaster
  • Spawn Location: 11:00

Elazer - Winner!

  • Race: Zerg Zerg
  • League: Master
  • Spawn Location: 5:00

Event: WESG Barcelona European Finals 2017

VOD

Have the link to the VOD?

Description

Time

  • Played on: Nov. 26, 2017, 11:48 a.m.
  • Length: 10:05

All games in this series

Show
View Real Time Build Order
Export as new Build Order

ShoWTimE Protoss 

Build Orders: 1 Gate Expand, Oracle Opening, Phoenix Opening, Archon Immortal, Zealot Archon, Archon Drop 

Get SALT Encoding   

  12  0:00  Probe  
  13  0:12  Probe  
  14  0:20  Pylon  
  14  0:24  Probe  
  15  0:38  Assimilator, Probe (Chrono Boost)  
  16  0:49  Gateway, Probe (Chrono Boost)  
  17  0:52  Probe  
  18  1:04  Probe (Chrono Boost)  
  19  1:16  Probe (Chrono Boost)  
  20  1:26  Nexus  
  20  1:35  Cybernetics Core  
  20  1:38  Probe  
  21  1:43  Assimilator  
  21  1:50  Probe  
  21  1:53  Pylon  
  22  2:02  Probe  
  23  2:11  Adept (Chrono Boost)  
  23  2:15  Probe  
  26  2:18  Stargate  
  26  2:27  Probe, Warp Gate  
  27  2:31  Adept  
  29  2:38  Probe  
  29  2:39  Probe  
  31  2:50  Probe  
  31  2:51  Probe  
  33  3:01  Adept  
  33  3:02  Probe  
  33  3:03  Probe  
  33  3:04  Oracle (Chrono Boost)  
  40  3:10  Pylon  
  40  3:14  Probe  
  40  3:15  Probe  
  42  3:25  Assimilator  
  42  3:26  Probe  
  45  3:27  Probe  
  45  3:29  Phoenix (Chrono Boost)  
  46  3:39  Probe x2  
  48  3:41  Robotics Facility  
  48  3:51  Probe (Chrono Boost)  
  50  3:56  Pylon  
  50  3:59  Probe (Chrono Boost)  
  50  4:00  Assimilator  
  50  4:01  Twilight Council  
  51  4:03  Probe (Chrono Boost)  
  51  4:05  Probe x2 (Chrono Boost)  
  53  4:15  Gateway  
  53  4:16  Probe  
  54  4:17  Probe  
  53  4:27  Gateway  
  53  4:28  Probe, Gateway  
  53  4:29  Probe  
  55  4:36  Pylon  
  55  4:37  Warp Prism (Chrono Boost)  
  57  4:40  Probe  
  57  4:44  Templar Archives  
  58  4:51  Shield Battery  
  58  4:52  Shield Battery  
  58  5:01  Nexus  
  58  5:04  Pylon  
  58  5:06  Probe  
  59  5:08  Observer  
  59  5:11  Probe  
  61  5:18  Probe  
  61  5:20  Forge  
  62  5:23  Probe  
  62  5:24  Shield Battery  
  62  5:25  High Templar  
  62  5:26  High Templar x2  
  62  5:27  High Templar  
  71  5:30  Probe  
  71  5:31  Archon, Pylon  
  71  5:32  Archon  
  72  5:35  Probe  
  72  5:39  Charge  
  73  5:43  Probe  
  73  5:44  Immortal  
  73  5:49  Probe, Pylon  
  79  5:55  Probe  
  80  6:01  Probe  
  80  6:03  Protoss Ground Weapons Level 1 (Chrono Boost)  
  81  6:07  Probe  
  81  6:09  Shield Battery  
  82  6:12  Gateway  
  82  6:14  Probe x2  
  82  6:15  Gateway  
  84  6:19  Probe  
  84  6:21  Psionic Storm  
  84  6:24  Immortal (Chrono Boost)  
  89  6:26  Probe x2  
  89  6:31  Probe  
  92  6:38  Probe x2  
  94  6:40  Assimilator  
  94  6:43  Probe  
  94  6:44  Assimilator  
  95  6:47  Pylon  
  95  6:49  Photon Cannon  
  95  6:53  Immortal (Chrono Boost)  
  99  7:00  High Templar x2  
  103  7:08  Gateway  
  103  7:11  Gateway  
  103  7:12  High Templar  
  105  7:16  Shield Battery  
  105  7:18  Shield Battery  
  105  7:21  Shield Battery  
  105  7:22  Pylon  
  105  7:23  Pylon  
  105  7:25  Pylon  
  105  7:26  High Templar  
  107  7:30  Immortal (Chrono Boost)  
  111  7:39  Zealot x3  
  117  7:44  Gateway  
  117  7:47  Gateway  
  117  7:50  Pylon  
  117  7:56  Photon Cannon  
  117  7:57  Protoss Ground Weapons Level 2 (Chrono Boost)  
  117  7:59  Immortal  
  117  8:01  Pylon  
  121  8:06  Zealot x3  
  121  8:08  High Templar x2  
  131  8:20  High Templar  
  131  8:21  High Templar  
  131  8:26  Archon  
  134  8:30  Robotics Facility, Nexus  
  134  8:31  Zealot x3  
  134  8:32  Pylon  
  140  8:34  Pylon  
  140  8:39  Observer  
  135  8:48  Zealot x3  
  139  8:56  Nexus  
  139  8:57  Zealot x4  
  139  8:58  Pylon  
  139  8:59  Stalker  
  139  9:00  Immortal  
  153  9:05  Zealot  
  136  9:11  Zealot x2  
  138  9:17  Zealot x2  
  132  9:28  Archon  
  132  9:29  Stalker x2  
  132  9:30  Zealot  
  120  9:37  High Templar x4  
  112  9:42  Archon  
  112  9:43  Archon  
  112  9:44  Zealot, Archon  
  95  9:50  Probe x3  
Show
View Real Time Build Order
Export as new Build Order

Elazer Zerg - Winner!

Build Orders: Hatch First 

Get SALT Encoding   

  12  0:00  Drone  
  13  0:12  Overlord  
  13  0:17  Drone  
  14  0:30  Drone x2  
  16  0:48  Hatchery  
  15  0:51  Drone  
  15  0:54  Drone  
  17  0:58  Drone  
  18  1:07  Extractor  
  17  1:13  Spawning Pool  
  17  1:17  Drone  
  17  1:20  Drone  
  18  1:28  Drone  
  19  1:39  Overlord  
  19  1:52  Drone  
  20  2:00  Queen  
  20  2:01  Drone, Queen  
  23  2:02  Zergling x2  
  26  2:11  Drone  
  26  2:12  Metabolic Boost  
  27  2:16  Drone  
  27  2:21  Drone  
  29  2:28  Drone  
  30  2:38  Hatchery  
  30  2:41  Zergling x2  
  30  2:45  Pneumatized Carapace  
  30  2:50  Drone  
  31  2:51  Drone  
  31  2:56  Overlord  
  32  2:59  Drone  
  32  3:00  Drone  
  34  3:09  Drone  
  34  3:10  Drone  
  36  3:14  Queen  
  36  3:16  Drone  
  36  3:17  Drone  
  36  3:19  Drone  
  41  3:23  Overlord  
  41  3:26  Drone  
  42  3:27  Drone  
  42  3:31  Spore Crawler  
  42  3:33  Spore Crawler  
  41  3:35  Drone  
  41  3:37  Drone  
  41  3:39  Drone  
  44  3:43  Drone x2  
  44  3:45  Drone  
  44  3:46  Drone  
  48  3:52  Queen  
  49  3:56  Drone x2  
  49  4:02  Lair  
  51  4:05  Overlord  
  51  4:08  Drone x2  
  53  4:12  Spore Crawler, Drone  
  53  4:14  Drone  
  53  4:17  Drone  
  53  4:18  Drone x2  
  53  4:20  Drone  
  53  4:23  Drone  
  55  4:27  Drone x2  
  57  4:32  Drone x3  
  57  4:34  Overlord  
  57  4:36  Drone  
  61  4:39  Extractor  
  61  4:41  Extractor, Drone  
  61  4:43  Overlord  
  61  4:44  Drone  
  61  4:48  Drone  
  61  4:52  Evolution Chamber  
  61  4:54  Extractor, Drone  
  61  4:55  Drone x3  
  61  4:56  Drone  
  61  4:58  Drone  
  66  5:01  Overlord  
  66  5:02  Hydralisk Den  
  66  5:03  Drone x2  
  67  5:07  Overlord  
  67  5:08  Drone  
  67  5:13  Overlord  
  68  5:20  Zerg Missile Weapons Level 1  
  68  5:22  Overlord  
  67  5:31  Hydralisk x6  
  67  5:35  Overlord  
  79  5:36  Extractor, Hydralisk  
  79  5:37  Zergling x2  
  79  5:39  Zergling x4  
  79  5:40  Zergling x2  
  79  5:42  Hydralisk  
  84  5:43  Zergling x2  
  84  5:45  Zergling x2  
  84  5:47  Hydralisk  
  90  5:51  Drone x2  
  90  5:52  Drone  
  90  5:54  Extractor, Drone  
  90  5:58  Drone x3  
  90  5:59  Drone  
  94  6:05  Muscular Augments  
  94  6:06  Drone x2  
  94  6:08  Overlord  
  96  6:13  Overlord  
  96  6:16  Hydralisk x2  
  100  6:28  Overseer  
  100  6:31  Overlord  
  100  6:33  Baneling Nest  
  100  6:34  Hydralisk  
  100  6:35  Hatchery  
  100  6:39  Hydralisk x2  
  104  6:44  Hydralisk x2  
  108  6:49  Drone x4  
  108  6:52  Overlord  
  111  7:01  Overlord  
  111  7:04  Overseer, Hydralisk  
  111  7:05  Hydralisk x3  
  119  7:12  Drone x6  
  125  7:15  Overlord  
  125  7:18  Zerg Missile Weapons Level 2  
  125  7:21  Drone x2  
  127  7:24  Centrifical Hooks  
  127  7:30  Overlord, Zergling x4  
  127  7:31  Hydralisk  
  127  7:35  Overlord  
  131  7:38  Hydralisk x2  
  135  7:45  Overlord  
  135  7:46  Overlord  
  135  7:49  Hydralisk  
  137  7:58  Overlord  
  137  8:05  Baneling x4  
  137  8:07  Hydralisk  
  137  8:08  Hydralisk x2  
  143  8:14  Hydralisk x3  
  143  8:16  Hatchery  
  143  8:19  Overlord  
  148  8:21  Hydralisk x2  
  148  8:23  Zergling x4  
  153  8:28  Zergling x10  
  153  8:32  Zergling x10  
  163  8:40  Zergling x8  
  163  8:41  Zergling x4  
  167  8:46  Overlord  
  167  8:47  Hydralisk  
  167  8:48  Hydralisk x3  
  173  8:50  Zergling x4  
  175  8:58  Baneling  
  175  8:59  Baneling x13  
  173  9:03  Zergling x12  
  173  9:09  Zergling x14  
  180  9:11  Zergling x2  
  180  9:16  Overlord  
  180  9:19  Baneling x5  
  180  9:21  Zergling x6  
  172  9:26  Hydralisk x2  
  172  9:30  Hydralisk x2  
  174  9:36  Hydralisk x5  
Tags
 
Add a new tag
Caveats
  • Supply blocks, unpowered buildings, or Contaminate may cause inaccurate times.
  • Supply counts are checked every 10 seconds.